Map: Acid Plant LE

Players

Clem - Winner!

  • Race: Terran Terran
  • Spawn Location: 5:00

Majestic

  • Race: Protoss Protoss
  • Spawn Location: 11:00

Event: WCS Valencia 2018

VOD

Have the link to the VOD?

Description

Time

  • Played on: July 12, 2018, 8 a.m.
  • Length: 11:14

All games in this series

Show
View Real Time Build Order
Export as new Build Order

Clem Terran - Winner!

Build Orders: Reaper Expand, MMM Bio 

Get SALT Encoding   

  12  0:01  SCV  
  13  0:13  SCV  
  14  0:17  Supply Depot  
  14  0:25  SCV  
  15  0:39  SCV, Barracks  
  16  0:44  Refinery  
  16  0:51  SCV  
  17  1:03  SCV  
  18  1:15  SCV  
  19  1:26  Reaper  
  19  1:28  Orbital Command  
  20  1:42  Command Center  
  20  1:55  Barracks  
  20  1:58  SCV  
  21  2:02  Barracks Reactor  
  21  2:11  Supply Depot, SCV  
  22  2:23  SCV, Barracks  
  23  2:35  SCV  
  24  2:40  Marine x2  
  24  2:41  Barracks Tech Lab  
  25  2:49  SCV  
  25  2:50  Engineering Bay  
  26  2:57  Orbital Command  
  26  3:01  SCV  
  26  3:03  Stimpack  
  27  3:06  Marine  
  27  3:07  Marine  
  27  3:10  Marine  
  30  3:14  SCV  
  30  3:19  Terran Infantry Weapons Level 1  
  31  3:23  Marine  
  31  3:24  Marine  
  31  3:25  SCV  
  34  3:27  SCV  
  34  3:28  Marine  
  34  3:30  Barracks Tech Lab  
  36  3:37  SCV  
  36  3:40  SCV  
  36  3:41  Supply Depot, Marine  
  38  3:43  Marine  
  40  3:49  SCV  
  40  3:50  Missile Turret, Marine  
  40  3:53  Combat Shields  
  40  3:54  Marine  
  43  3:58  SCV  
  43  3:59  Marine  
  43  4:01  SCV  
  46  4:04  Marine  
  46  4:08  Marine  
  46  4:09  Supply Depot  
  48  4:11  Supply Depot  
  48  4:12  Marauder  
  50  4:17  SCV, Marauder  
  50  4:19  SCV  
  53  4:29  SCV  
  53  4:30  Marine x2  
  56  4:31  SCV  
  56  4:32  Supply Depot  
  56  4:35  Marine  
  56  4:37  Refinery  
  56  4:38  Marine, Refinery  
  58  4:40  Supply Depot  
  58  4:43  SCV x2  
  61  4:48  Marine x2  
  61  4:52  Factory  
  63  4:56  Refinery  
  63  4:57  SCV  
  63  4:59  Marauder  
  64  5:01  SCV  
  61  5:08  Marine x2  
  61  5:10  Marauder  
  61  5:13  SCV  
  61  5:14  SCV  
  62  5:26  Supply Depot, Marine x2  
  63  5:30  Terran Infantry Armor Level 1  
  63  5:32  SCV  
  63  5:35  SCV  
  65  5:40  Marine  
  68  5:43  Marauder  
  68  5:44  SCV  
  68  5:45  Marine  
  68  5:48  Starport  
  70  5:51  Factory Reactor  
  70  5:53  SCV  
  70  5:56  SCV, Marine  
  73  6:03  Supply Depot, Marine  
  74  6:05  SCV  
  74  6:08  SCV  
  74  6:09  Supply Depot  
  74  6:10  Marauder  
  78  6:14  Marauder  
  78  6:17  SCV  
  80  6:20  SCV  
  81  6:31  Command Center  
  81  6:33  Factory Reactor, Medivac  
  81  6:34  Medivac  
  85  6:40  Supply Depot  
  85  6:41  Marine  
  85  6:42  Marine  
  85  6:44  Marauder x2  
  91  6:47  Supply Depot  
  91  6:50  Concussive Shells  
  91  6:58  Barracks  
  91  6:59  SCV, Barracks  
  92  7:01  SCV  
  92  7:03  Marine x2  
  92  7:08  Medivac x2  
  99  7:13  Supply Depot  
  99  7:14  Marauder  
  101  7:20  SCV x2, Marine  
  101  7:21  Marine  
  107  7:23  Marauder  
  107  7:25  Widow Mine  
  109  7:31  Armory  
  109  7:35  Engineering Bay  
  109  7:37  Marauder  
  109  7:39  Marine  
  112  7:44  Medivac x2  
  112  7:47  SCV  
  112  7:48  SCV  
  110  7:55  Widow Mine  
  108  8:00  Widow Mine, SCV  
  108  8:04  SCV  
  100  8:14  Viking, Medivac  
  100  8:15  Marine  
  100  8:16  Widow Mine, Marauder  
  100  8:17  Barracks Tech Lab, SCV  
  100  8:19  Barracks Reactor  
  110  8:24  Orbital Command  
  110  8:29  Terran Infantry Armor Level 2  
  110  8:35  SCV  
  110  8:38  Marine x2  
  110  8:39  Marauder  
  115  8:42  Marine  
  115  8:44  Marauder  
  115  8:45  SCV  
  115  8:47  SCV  
  120  8:51  Terran Infantry Weapons Level 2  
  120  8:57  Supply Depot, Marine  
  120  8:58  Liberator  
  120  8:59  SCV  
  120  9:00  Marine x2, Marauder  
  120  9:01  Liberator  
  126  9:10  Marine  
  126  9:12  SCV x3  
  126  9:13  Widow Mine x2  
  140  9:25  Supply Depot  
  140  9:26  Starport  
  140  9:29  SCV  
  138  9:31  SCV  
  138  9:36  SCV  
  140  9:38  Refinery x2  
  140  9:40  Marine x2  
  140  9:41  Liberator, Marine x2  
  140  9:45  Widow Mine  
  146  9:52  Widow Mine  
  146  9:59  Marine  
  136  10:00  Marine, Marauder  
  136  10:01  Liberator  
  136  10:04  Marine x2  
  136  10:05  Starport Tech Lab  
  136  10:06  Widow Mine, SCV x2  
  142  10:08  SCV  
  142  10:13  Widow Mine  
  145  10:17  Fusion Core  
  145  10:18  SCV  
  149  10:22  Marauder  
  149  10:28  Widow Mine, Supply Depot  
  153  10:29  Marine x3  
  153  10:33  Marauder  
  153  10:35  Widow Mine  
  160  10:39  Marauder  
  165  10:49  Marine x2  
  169  10:50  Widow Mine, Marine, Marauder  
Show
View Real Time Build Order
Export as new Build Order

Majestic Protoss 

Build Orders: 1 Gate Expand 

Get SALT Encoding   

  12  0:00  Probe  
  13  0:13  Probe  
  14  0:18  Pylon  
  14  0:23  Probe  
  15  0:32  Probe  
  15  0:38  Gateway  
  15  0:40  Probe  
  16  0:48  Assimilator  
  17  0:51  Probe  
  18  0:59  Probe  
  19  1:07  Probe  
  20  1:28  Nexus  
  20  1:39  Cybernetics Core  
  20  1:43  Probe  
  21  1:50  Assimilator  
  21  1:55  Probe  
  21  1:56  Pylon  
  22  2:03  Warp Gate  
  22  2:05  Stalker  
  22  2:08  Probe  
  25  2:20  Probe  
  26  2:29  Twilight Council  
  25  2:31  Stalker  
  25  2:32  Probe  
  28  2:45  Robotics Facility  
  28  2:46  Probe  
  28  2:48  Probe  
  30  2:58  Stalker, Probe  
  31  3:00  Probe  
  34  3:10  Probe  
  35  3:15  Gateway  
  35  3:19  Gateway  
  35  3:28  Gateway  
  35  3:36  Warp Prism  
  37  3:41  Pylon  
  37  3:43  Probe  
  37  3:46  Probe  
  39  3:52  Pylon  
  40  3:55  Probe  
  40  3:58  Probe  
  41  4:07  Sentry  
  43  4:11  Probe  
  43  4:12  Sentry, Observer  
  43  4:15  Sentry  
  43  4:16  Probe  
  50  4:20  Pylon  
  50  4:26  Probe  
  50  4:27  Pylon  
  50  4:31  Probe  
  52  4:38  Stalker x3  
  54  4:39  Assimilator, Probe  
  54  4:41  Stalker  
  61  4:48  Probe  
  61  4:51  Probe  
  63  5:02  Stalker x2  
  63  5:04  Immortal  
  63  5:05  Zealot  
  69  5:08  Zealot  
  61  5:14  Probe  
  61  5:15  Probe  
  61  5:19  Stalker  
  56  5:28  Gateway  
  56  5:29  Gateway  
  56  5:31  Sentry  
  56  5:33  Immortal  
  58  5:45  Gateway  
  58  5:47  Gateway  
  62  5:52  Pylon  
  62  5:57  Sentry, Zealot  
  62  5:58  Zealot  
  62  6:00  Warp Prism  
  68  6:10  Pylon  
  68  6:11  Pylon  
  68  6:13  Sentry  
  73  6:18  Probe x2  
  73  6:23  Pylon  
  74  6:28  Assimilator  
  74  6:30  Probe  
  75  6:34  Probe  
  75  6:37  Forge  
  75  6:47  Probe, Robotics Bay  
  75  6:48  Probe  
  75  6:54  Protoss Ground Weapons Level 1, Pylon  
  77  7:03  Probe  
  77  7:04  Probe  
  79  7:09  Twilight Council  
  79  7:12  Stalker x2  
  79  7:13  Stalker  
  85  7:16  Zealot x2  
  85  7:21  Zealot x2  
  93  7:24  Disruptor  
  94  7:38  Pylon  
  94  7:40  Pylon  
  92  7:50  Zealot x2  
  92  7:51  Zealot x3  
  96  7:52  Blink  
  96  7:57  Disruptor  
  96  8:03  Zealot x2  
  95  8:24  Nexus  
  95  8:26  Pylon  
  95  8:27  Disruptor  
  95  8:34  Sentry, Stalker x3  
  95  8:39  Protoss Ground Weapons Level 2  
  106  8:52  Probe  
  107  8:56  Pylon  
  107  9:03  Stalker x2  
  111  9:10  Pylon  
  111  9:16  Probe x2  
  113  9:18  Disruptor  
  116  9:25  Assimilator  
  116  9:30  Assimilator  
  117  9:36  Stalker x4  
  124  9:40  Stalker  
  124  9:41  Zealot  
  107  10:08  Nexus  
  107  10:09  Stalker x2  
  110  10:14  Disruptor  
  110  10:18  Sentry  
  115  10:30  Stalker x2  
  119  10:39  Stalker  
  119  10:40  Stalker  
Tags
 
Add a new tag
Caveats
  • Supply blocks, unpowered buildings, or Contaminate may cause inaccurate times.
  • Supply counts are checked every 10 seconds.